[Event "Live Chess"]
[Site "Chess.com"]
[Date "2024.06.02"]
[Round "-"]
[White "gobbles19"]
[Black "TigerTank70"]
[Result "1/2-1/2"]
[WhiteElo "2241"]
[BlackElo "2208"]
[TimeControl "300"]
[EndTime "6:13:57 PDT"]
[Termination "Game drawn by repetition"]

1. e4 e5 2. d4 exd4 3. c3 d3 4. Bxd3 Nc6 5. Nf3 d6 6. h3 Be7 7. O-O Bf6 8. c4 Nge7 9. Nc3 O-O 10. Be3 Be6 11. Rc1 Ng6 12. Be2 Nge5 13. Nxe5 dxe5 14.
Nd5 Bxd5 15. exd5 Ne7 16. Bd3 Ng6 17. Re1 Re8 18. Be4 Bg5 19. Rc3 Bf4 20. Qg4 Qd6 21. c5 Qf6 22. Rb3 Rab8 23. Bxg6 hxg6 24. Bxf4 exf4 25. Rxe8+ Rxe8 26. Rxb7 Qd4 27. Rxc7 Qxd5 28. Qxf4 g5 29. Qg3 Qxa2 30. Qxg5 Qxb2 31. Rxa7 Qb1+ 32.
Kh2 Qc2 33. Qf4 Rf8 34. Ra3 Qxc5 35. Rg3 Qc6 36. Qg5 g6 37. h4 Kg7 38. Qe5+ Qf6 39. Qxf6+ Kxf6 40. Rb3 Rh8 41. g3 g5 42. Rb4 Kg6 43. Kh3 f6 44. f3 Rh7 45. Kg2 gxh4 46. Rxh4 Ra7 47. Re4 Ra2+ 48. Kh3 Ra1 49.
f4 Rh1+ 50. Kg2 Ra1 51. Re2 Ra3 52. Rf2 Ra4 53. Rf3 Ra2+ 54. Rf2 Ra1 55. Rf3 Ra2+ 56. Rf2 Ra1 57. Rf3 Ra2+ 1/2-1/2

[Event "Live Chess"]
[Site "Chess.com"]
[Date "2024.06.02"]
[Round "-"]
[White "resipsa6"]
[Black "Mary_cool"]
[Result "1-0"]
[WhiteElo "2018"]
[BlackElo "1953"]
[TimeControl "300"]
[EndTime "6:14:05 PDT"]
[Termination "resipsa6 won on time"]

1. e4 c5 2. Nf3 Nc6 3. d4 cxd4 4. Nxd4 Nf6 5. Nxc6 bxc6 6. Nc3 g6 7. e5 Ng8 8. f4 Bg7 9. Bc4 Nh6 10. g4 O-O 11. f5 gxf5 12. gxf5 Nxf5 13. Qg4 d5 14. Bd3 Kh8 15.
Bxf5 d4 16. Rg1 Rg8 17. Ne4 Qa5+ 18. Bd2 Qxe5 19. Bxc8 Raxc8 20. O-O-O Bh6 21. Qe2 Bxd2+ 22. Kxd2 Qf4+ 23. Kd3 c5 24. Rxg8+ Kxg8 25. Rg1+ Kh8 26. Qg4 c4+ 27. Ke2 Qxg4+ 28. Rxg4 f5 29. Rf4 fxe4 30.
Rxe4 c3 31. bxc3 Rxc3 32. Kd2 Ra3 33. Rxe7 Rxa2 34. Rd7 a5 35. Kd3 a4 36. Rxd4 a3 37.
Ra4 Ra1 38. Kc3 a2 39. Kb2 Rh1 40. Kxa2 Rxh2 41. Kb3 h5 42. Ra7 h4 43. c4 h3 44.
c5 Rh1 45. Kb2 h2 46. c6 1-0

[Event "Live Chess"]
[Site "Chess.com"]
[Date "2024.06.02"]
[Round "-"]
[White "Konovka_Ukraine"]
[Black "degringolade64"]
[Result "1-0"]
[WhiteElo "1769"]
[BlackElo "2106"]
[TimeControl "300"]
[EndTime "6:14:15 PDT"]
[Termination "Konovka_Ukraine won by resignation"]

1. b4 e5 2. Bb2 Bxb4 3. Bxe5 Nf6 4. Nc3 O-O 5. Nf3 Re8 6. Bxf6 Qxf6 7. Nd5 Qd6 8. Nxb4 Qxb4 9. e3 d5 10. Be2 c5 11. c3 Qg4 12. O-O Qg6 13. d4 c4 14. g3 Bh3 15. Re1 Nc6 16. Nh4 Qe6 17.
Bf3 g5 18. Ng2 Qf5 19. g4 Qd7 20. Rb1 Re6 21. Re2 Bxg2 22. Kxg2 Ne7 23. Reb2 b6 24.
h3 Ng6 25. Rb5 Rd6 26. a4 Rf8 27. a5 f5 28. axb6 axb6 29. Rxb6 Rxb6 30. Rxb6 Nh4+ 31. Kg1 Qf7 32. Rb5 Nxf3+ 33. Qxf3 fxg4 34. Qxd5 gxh3 35. Qxg5+ Kh8 36. Qe5+ Kg8 37. Qg3+ Kh8 38. Rg5 Ra8 39. Qe5+ 1-0

[Event "Live Chess"]
[Site "Chess.com"]
[Date "2024.06.02"]
[Round "-"]
[White "RichardABates"]
[Black "CarmelJane"]
[Result "1-0"]
[WhiteElo "2346"]
[BlackElo "1986"]
[TimeControl "300"]
[EndTime "6:14:15 PDT"]
[Termination "RichardABates won by resignation"]

1. d4 g6 2. e4 Bg7 3. Nf3 c5 4. d5 a6 5. Be2 b5 6. O-O d6 7.
a4 b4 8. Nbd2 Nd7 9. a5 Ngf6 10.
Re1 O-O 11. Bf1 e6 12. dxe6 fxe6 13. Nc4 d5 14. exd5 exd5 15. Nd6 Nh5 16. Qxd5+ Kh8 17.
Qxa8 Qc7 18. Nxc8 Rxc8 19. Qxa6 Ndf6 20. Qe6 1-0

[Event "Live Chess"]
[Site "Chess.com"]
[Date "2024.06.02"]
[Round "-"]
[White "Crowded_House"]
[Black "seasidecastle27"]
[Result "0-1"]
[WhiteElo "1625"]
[BlackElo "1946"]
[TimeControl "300"]
[EndTime "6:14:19 PDT"]
[Termination "seasidecastle27 won by resignation"]

1. d4 e6 2. Nf3 d5 3. Bg5 Be7 4. Bxe7 Qxe7 5. e3 Qb4+ 6. Nbd2 Qxb2 7. Qb1 Qxb1+ 8. Rxb1 Nd7 9. Bd3 Ngf6 10. O-O O-O 11.
c4 dxc4 12. Nxc4 b6 13. Rfc1 Ba6 14. Nce5 Bxd3 15. Nxd3 Rfc8 16. Rc6 Nb8 17. Rc2 Nfd7 18. Rbc1 Na6 19. Nfe5 Nxe5 20. Nxe5 c5 21. dxc5 Rxc5 22. Rxc5 Nxc5 23. Rd1 Kf8 24. Nd7+ Nxd7 25. Rxd7 Ke8 26.
Rb7 Rd8 27. g3 Rd7 28. Rb8+ Ke7 29. Kg2 h5 30. h3 g6 31. Kf3 Kd6 32. Kf4 Kc6 33.
g4 hxg4 34. hxg4 a5 35. Ke5 b5 36. Rc8+ Kb7 37. Rc2 b4 38. f4 Kb6 39. e4 a4 40.
f5 gxf5 41. gxf5 exf5 42. Kxf5 Kb5 43. e5 b3 44. axb3 axb3 45. Rb2 Kb4 46. e6 fxe6+ 47. Kxe6 Rd3 48. Ke5 Kc3 49. Rb1 Kc2 50. Rh1 b2 51. Rh2+ Rd2 52. Rxd2+ Kxd2 0-1

[Event "Live Chess"]
[Site "Chess.com"]
[Date "2024.06.02"]
[Round "-"]
[White "Ninifu"]
[Black "TheSmoulderingMaster"]
[Result "1-0"]
[WhiteElo "2010"]
[BlackElo "1759"]
[TimeControl "300"]
[EndTime "6:14:44 PDT"]
[Termination "Ninifu won by resignation"]

1. d4 Nf6 2. c4 d6 3. Nc3 g6 4.
e4 Bg7 5. f4 O-O 6. Nf3 c6 7.
Bd3 Bg4 8. Be3 Nbd7 9. e5 dxe5 10. dxe5 Nh5 11. Be2 e6 12. Qd2 Bh6 13. Rd1 Nb6 14.
Qc1 Qe7 15. O-O Ng7 16. Ne4 Nf5 17. Nf6+ Kh8 18. Nxg4 Nxe3 19. Qxe3 Qb4 20. Nxh6 Qxb2 21. Ng5 Qxa2 22. Qh3 Kg7 23. Nhxf7 Rxf7 24. Qxh7+ 1-0

[Event "Live Chess"]
[Site "Chess.com"]
[Date "2024.06.02"]
[Round "-"]
[White "gmnorfolk"]
[Black "oscalik"]
[Result "0-1"]
[WhiteElo "2148"]
[BlackElo "2239"]
[TimeControl "300"]
[EndTime "6:14:48 PDT"]
[Termination "oscalik won by resignation"]

1. c4 Nf6 2. Nc3 c5 3. Nf3 Nc6 4. d4 cxd4 5. Nxd4 e5 6. Ndb5 d6 7. Bg5 a6 8. Bxf6 gxf6 9. Na3 Be6 10. g3 Rc8 11. Bg2 f5 12. O-O Bg7 13. Nd5 e4 14.
Rb1 h5 15. Nc2 h4 16. Nce3 hxg3 17. fxg3 Qg5 18. Nf4 Bd4 19. Qd2 Ke7 20. Nxe6 Bxe3+ 21. Kh1 fxe6 0-1

[Event "Live Chess"]
[Site "Chess.com"]
[Date "2024.06.02"]
[Round "-"]
[White "IgorSchukin"]
[Black "CheckThis4"]
[Result "0-1"]
[WhiteElo "1786"]
[BlackElo "2685"]
[TimeControl "300"]
[EndTime "6:15:02 PDT"]
[Termination "CheckThis4 won by resignation"]

1. e4 c5 2. a3 g6 3. Nc3 Bg7 4.
Bc4 Nc6 5. d3 e6 6. h4 Nf6 7. h5 Nxh5 8. Rxh5 gxh5 9. Qxh5 a6 10. Bg5 Bf6 11. Nf3 Nd4 12. O-O-O Nxf3 13. Bxf6 Qxf6 14.
gxf3 b5 15. Bxb5 axb5 16. Nxb5 Rb8 17. Nd6+ Ke7 18. e5 Qf4+ 19. Kb1 Rg8 20. Re1 Bb7 21. Qxh7 Bxf3 22. b3 Bd5 23. Re2 Rh8 24. Qg7 Rbg8 25. Qf6+ Qxf6 26. exf6+ Kxd6 27. c4 Bc6 28. Kc2 Rg6 29.
Kc3 Rxf6 30. b4 cxb4+ 31. axb4 Rh3 32. b5 Rff3 33. bxc6 Rxd3+ 34. Kb4 dxc6 35. c5+ Kd5 36. Rb2 e5 37. Ka5 Ra3+ 38. Kb4 Ra8 39. Rd2+ Ke4 40. Rd6 Rb8+ 41. Kc4 Rhb3 42. f3+ Rxf3 43. Rxc6 Rf1 44. Rb6 Rc1+ 45. Kb5 Rb1+ 46. Kc6 R8xb6+ 47. cxb6 f5 48. b7 Rxb7 0-1

[Event "Live Chess"]
[Site "Chess.com"]
[Date "2024.06.02"]
[Round "-"]
[White "McFim"]
[Black "yarek"]
[Result "1-0"]
[WhiteElo "1755"]
[BlackElo "1746"]
[TimeControl "300"]
[EndTime "6:15:14 PDT"]
[Termination "McFim won on time"]

1. e4 g6 2. d4 Bg7 3. Nf3 c6 4. Bd3 d5 5. e5 Bg4 6. h3 Bxf3 7. Qxf3 e6 8. O-O Nd7 9. c3 c5 10. Nd2 Ne7 11. Qe2 O-O 12. Nf3 Rc8 13. Bg5 Re8 14.
Rac1 Qb6 15. g4 cxd4 16. cxd4 Nc6 17. Be3 a6 18. a3 Na5 19. Rxc8 Rxc8 20. Rc1 Rxc1+ 21.
Bxc1 Nb3 22. Be3 Qa5 23. Qc2 Qb6 24. h4 Bf8 25. h5 gxh5 26. gxh5 f5 27. exf6 Nxf6 28.
h6 Na5 29. Bg5 Qd8 30. Bxh7+ Kh8 31. Bg6 Nc4 32. Ne5 Nd6 33. Nf7+ Nxf7 34. Bxf7 Be7 35.
Qg6 Qf8 36. Bxf6+ Bxf6 37. Qxf6+ Kh7 38. Bg6+ Kg8 39. Qxe6+ Kh8 40. Qe5+ Kg8 41. Qxd5+ Kh8 42. Qe5+ 1-0

[Event "Live Chess"]
[Site "Chess.com"]
[Date "2024.06.02"]
[Round "-"]
[White "PETROMICH1967"]
[Black "missedJariChance"]
[Result "0-1"]
[WhiteElo "1344"]
[BlackElo "1395"]
[TimeControl "300"]
[EndTime "6:15:14 PDT"]
[Termination "missedJariChance won by resignation"]

1. e4 c5 2. Nf3 e6 3. b4 b6 4.
bxc5 bxc5 5. d4 cxd4 6. Nxd4 Bb4+ 7. c3 Be7 8. Bb5 Nf6 9. Nd2 Qc7 10. Bb2 O-O 11. O-O a6 12. Bd3 Bb7 13. f3 Nc6 14.
Ne2 Ne5 15. Bc2 Qb6+ 16. Nd4 Qxb2 17. Rb1 Qxc3 18. Nxe6 dxe6 19. Rxb7 Bc5+ 20. Kh1 Rfd8 21. Bb3 Qxd2 22. Qb1 h6 0-1

[Event "Live Chess"]
[Site "Chess.com"]
[Date "2024.06.02"]
[Round "-"]
[White "wadsy27"]
[Black "grillage"]
[Result "1-0"]
[WhiteElo "2581"]
[BlackElo "1863"]
[TimeControl "300"]
[EndTime "6:15:31 PDT"]
[Termination "wadsy27 won by resignation"]

1. d4 e6 2. e4 d5 3. exd5 exd5 4.
Nf3 Bd6 5. Bd3 Ne7 6. O-O Bf5 7. Re1 Bxd3 8. Qxd3 O-O 9. Nc3 c6 10. Ne2 Nd7 11.
Bf4 Bxf4 12. Nxf4 Ng6 13. Nxg6 hxg6 14. Re3 Re8 15. Rae1 Rxe3 16. Qxe3 Kf8 17. Ng5 Nf6 18. Qf4 Qd7 19. c3 Re8 20. Re5 Rxe5 21. dxe5 Nh5 22.
Qe3 Qf5 23. g3 f6 24. exf6 gxf6 25. Ne6+ Kf7 26. Nd8+ Kf8 27. Nxb7 Qb1+ 28. Kg2 Qxb2 29. Qh6+ Kf7 30. Nd8+ Ke7 31. Nxc6+ Kd6 32. Nd4 Qxa2 33.
Qxg6 Qc4 34. Qxh5 Qxc3 35. Nb5+ 1-0

[Event "Live Chess"]
[Site "Chess.com"]
[Date "2024.06.02"]
[Round "-"]
[White "McCarthyStone"]
[Black "BostonStrangler"]
[Result "1-0"]
[WhiteElo "2486"]
[BlackElo "2130"]
[TimeControl "300"]
[EndTime "6:15:40 PDT"]
[Termination "McCarthyStone won by resignation"]

1. b3 c5 2. Bb2 Nc6 3. e3 e5 4. d4 cxd4 5. exd4 Qa5+ 6. Qd2 Qxd2+ 7. Nxd2 exd4 8. Ngf3 Bc5 9. O-O-O Nge7 10. Ne4 Bb6 11.
Nd6+ Kf8 12. Bc4 d3 13. Nxf7 d5 14. Bxd5 Nxd5 15. Nxh8 Bf5 16. c4 Ndb4 17. a3 d2+ 18. Rxd2 Nd3+ 19. Kd1 Nxf2+ 20. Rxf2 Bxf2 21. Rf1 Re8 22. Rxf2 1-0

[Event "Live Chess"]
[Site "Chess.com"]
[Date "2024.06.02"]
[Round "-"]
[White "PavelChernomordik"]
[Black "JohanKjeldahl"]
[Result "1-0"]
[WhiteElo "2511"]
[BlackElo "1791"]
[TimeControl "300"]
[EndTime "6:15:40 PDT"]
[Termination "PavelChernomordik won by resignation"]

1. e4 c5 2. Nc3 e6 3. f4 Nc6 4.
Nf3 a6 5. g3 b5 6. Qe2 Bb7 7.
Bg2 Nge7 8. d3 g6 9. e5 Nd5 10. Ne4 f5 11. exf6 Nxf6 12. Be3 Nxe4 13. dxe4 Rc8 14.
O-O-O Qa5 15. Kb1 Nb4 16. a3 Nc6 17. Qd3 Rd8 18. Bd2 Qc7 19. Bc3 Rg8 20. f5 gxf5 21.
exf5 b4 22. Bf6 Be7 23. Bxe7 Kxe7 24. fxe6 dxe6 25. Qxh7+ 1-0

[Event "Live Chess"]
[Site "Chess.com"]
[Date "2024.06.02"]
[Round "-"]
[White "Colm_Buckley"]
[Black "megabusyman"]
[Result "1-0"]
[WhiteElo "1882"]
[BlackElo "1856"]
[TimeControl "300"]
[EndTime "6:15:42 PDT"]
[Termination "Colm_Buckley won by checkmate"]

1. d4 d5 2. c4 Nf6 3. Nc3 e6 4.
Nf3 Bb4 5. e3 Ne4 6. Qc2 Bxc3+ 7. bxc3 O-O 8. Bd3 f5 9. O-O b6 10. cxd5 exd5 11. Ba3 Re8 12. Ne5 c5 13. f3 c4 14.
Bxe4 dxe4 15. fxe4 Qg5 16. Rae1 Bb7 17. exf5 Nc6 18.
Nf3 Qh6 19. e4 Na5 20. d5 Rad8 21. Nd4 Bc8 22. Ne6 Bxe6 23. fxe6 Nb7 24. Rf3 Nc5 25. Bxc5 bxc5 26. Ref1 Re7 27. Qf2 g6 28. Qxc5 Rde8 29. Rf7 Qg5 30. Rxe7 Rxe7 31. Qc8+ Kg7 32. Qf8# 1-0

[Event "Live Chess"]
[Site "Chess.com"]
[Date "2024.06.02"]
[Round "-"]
[White "KyryloPoluliakh"]
[Black "Step-S"]
[Result "1-0"]
[WhiteElo "1532"]
[BlackElo "1251"]
[TimeControl "300"]
[EndTime "6:16:13 PDT"]
[Termination "KyryloPoluliakh won by checkmate"]

1. c4 d6 2. Nc3 e6 3. g3 g6 4. Bg2 Bg7 5. d4 Nc6 6. e3 Bd7 7. Nge2 Nf6 8. a3 d5 9. cxd5 exd5 10. Nxd5 Nxd5 11. Bxd5 O-O 12. O-O Rb8 13. b4 Ne7 14.
Bg2 Bc6 15. Bb2 Bxg2 16. Kxg2 b6 17. f3 Nd5 18. Qd2 Qd6 19. e4 Ne7 20. d5 Bxb2 21. Qxb2 f6 22. Nd4 Rbe8 23. Ne6 Nc8 24. Nxf8 Rxf8 25.
Rac1 Rf7 26. Rc6 Qe7 27. Rfc1 Qd8 28. Qc3 b5 29. Rxc7 Nd6 30. Rxf7 Kxf7 31. Qc7+ Qxc7 32.
Rxc7+ Ke8 33. Rxa7 h6 34. Ra6 Ke7 35. f4 Nxe4 36.
Kf3 Nc3 37. d6+ Kd7 38. Ke3 Nd5+ 39. Kd4 Ke6 40. d7+ Kxd7 41. Kxd5 Ke7 42. g4 h5 43.
gxh5 gxh5 44. f5 Kf7 45. h4 Kg7 46. Ke6 Kh6 47. Kxf6 Kh7 48. Ra8 Kh6 49. Rh8# 1-0

[Event "Live Chess"]
[Site "Chess.com"]
[Date "2024.06.02"]
[Round "-"]
[White "booktrunk"]
[Black "Grace6363"]
[Result "1-0"]
[WhiteElo "1496"]
[BlackElo "1121"]
[TimeControl "300"]
[EndTime "6:16:20 PDT"]
[Termination "booktrunk won by resignation"]

1. d4 Nf6 2. Nc3 g6 3. Bf4 d6 4.
e4 Be6 5. Nf3 Nc6 6. d5 Bg4 7.
dxc6 bxc6 8. h3 Bxf3 9. Qxf3 d5 10. exd5 Nxd5 11. Nxd5 Qxd5 12. Qxd5 cxd5 13. O-O-O Bg7 14. Bxc7 Rc8 15. Bb5+ Kf8 16. Ba5 Rc5 17. a4 a6 18.
b4 Rxb5 19. axb5 axb5 20. Rxd5 Bf6 21. Rxb5 Kg7 22. Rd1 1-0

[Event "Live Chess"]
[Site "Chess.com"]
[Date "2024.06.02"]
[Round "-"]
[White "TheSmoulderingMaster"]
[Black "resipsa6"]
[Result "0-1"]
[WhiteElo "1756"]
[BlackElo "2021"]
[TimeControl "300"]
[EndTime "6:17:10 PDT"]
[Termination "resipsa6 won by resignation"]

1. e4 e5 2. Nf3 d6 3. d4 exd4 4. Nxd4 Nf6 5. Nc3 Nc6 6. Bg5 Nxd4 7. Qxd4 Be7 8. O-O-O h6 9. Bh4 Be6 10. Bc4 Bxc4 11. Qxc4 O-O 12. f4 Nd7 13. Bg3 Nb6 14.
Qb3 Bh4 15. e5 Bxg3 16. hxg3 Qe7 17. Rde1 dxe5 18. Rxe5 Qf6 19. Ne4 Qc6 20. Rf5 Qxe4 21. Re5 Qxg2 0-1

[Event "Live Chess"]
[Site "Chess.com"]
[Date "2024.06.02"]
[Round "-"]
[White "TJ-W"]
[Black "SavagePawn7"]
[Result "1-0"]
[WhiteElo "1574"]
[BlackElo "678"]
[TimeControl "300"]
[EndTime "6:17:32 PDT"]
[Termination "TJ-W won by resignation"]

1. e4 d5 2. exd5 Nf6 3. Nc3 Nxd5 4. Nxd5 Qxd5 5. d4 Nc6 6. Nf3 Nb4 7. a3 Qe4+ 8. Be3 Nxc2+ 9. Kd2 Nxa1 10. Qxa1 Bf5 11. Qc1 O-O-O 12. Ng5 Qc6 13. Qxc6 bxc6 14. Nxf7 e6 15. Nxh8 Bd6 16. Nf7 Rf8 17. Nxd6+ cxd6 18. d5 exd5 19. Bxa7 Kb7 20. Bd4 g6 21. f3 Ra8 22.
Bd3 Be6 23. Re1 Bd7 24. Re7 Kc7 25. Bb6+ Kxb6 26. Rxd7 Ra4 27. Rxh7 c5 28. Rh6 c4 29. Bc2 Kc5 30. Bxa4 1-0

[Event "Live Chess"]
[Site "Chess.com"]
[Date "2024.06.02"]
[Round "-"]
[White "Ferrarifan27"]
[Black "slava_ukr"]
[Result "0-1"]
[WhiteElo "2138"]
[BlackElo "2335"]
[TimeControl "300"]
[EndTime "6:17:37 PDT"]
[Termination "slava_ukr won by resignation"]

1. e4 d5 2. exd5 Qxd5 3. Nc3 Qd6 4. d4 c6 5. Nf3 Nf6 6. Bg5 Bf5 7. Bd3 Bxd3 8.
Qxd3 e6 9. Bxf6 gxf6 10. O-O-O Nd7 11. Rhe1 O-O-O 12. Kb1 Rg8 13. g3 f5 14. Qc4 Qb4 15.
Qxb4 Bxb4 16. Re3 Nf6 17. Ne5 Rgf8 18. a3 Bd6 19. Nc4 Nd5 20. Nxd6+ Rxd6 21. Nxd5 Rxd5 22. Red3 Rg8 23. f4 h5 24. c4 Rd7 25. d5 cxd5 26.
cxd5 Rgd8 27. d6 b6 28. Kc2 Kb7 29. Kb3 Rc8 30. a4 a5 31. R3d2 Rc5 32. Rd4 Kc6 33. R1d2 Rd5 34. Rc4+ Kxd6 35. Rdc2 Rc5 36. Rd2+ Kc6 37.
Rxd7 Kxd7 38. Rxc5 bxc5 39. Kc4 Kc6 40. b3 f6 41. Kd3 Kd5 42. h3 e5 43. h4 e4+ 44.
Kc3 c4 45. bxc4+ Kc5 46. Kb3 Kd4 47. c5 Kxc5 48. Kc3 Kd5 49. Kc2 Kc4 50. Kd2 Kb4 0-1

[Event "Live Chess"]
[Site "Chess.com"]
[Date "2024.06.02"]
[Round "-"]
[White "f4nomore"]
[Black "bobby_jamesFischer86"]
[Result "0-1"]
[WhiteElo "1280"]
[BlackElo "1649"]
[TimeControl "300"]
[EndTime "6:17:37 PDT"]
[Termination "bobby_jamesFischer86 won by resignation"]

1. b3 d5 2. Bb2 c5 3. e3 Nc6 4. Nf3 Nf6 5. Be2 Qc7 6. Bxf6 exf6 7. O-O Bd6 8. g3 Bh3 9. Re1 O-O 10. d4 cxd4 11. Nxd4 Nxd4 12. exd4 Rfe8 13. Nd2 Rad8 14. Nf3 Bb4 15. Nd2 Qa5 16. Bf1 Bxd2 17. Rxe8+ Rxe8 18. Qf3 Bxf1 19. Kxf1 Qc3 20. Qxc3 Bxc3 21. Rb1 b5 22. Rd1 b4 23. Kg2 Re2 24. Rd3 Rxc2 25. Re3 Kf8 26.
Kh3 Bxd4 27. Rd3 Bxf2 28. Rxd5 Bg1 29. Rd8+ Ke7 30. Ra8 h5 31. g4 Rxh2+ 32. Kg3 h4+ 33. Kf4 g5+ 34. Ke4 Rxa2 35. Rb8 h3 36. Rb7+ Kf8 37.
Rb8+ Kg7 38. Rxb4 h2 0-1

[Event "Live Chess"]
[Site "Chess.com"]
[Date "2024.06.02"]
[Round "-"]
[White "Tatarinov_Maxim"]
[Black "GMMickeyAdams"]
[Result "0-1"]
[WhiteElo "2283"]
[BlackElo "2801"]
[TimeControl "300"]
[EndTime "6:17:50 PDT"]
[Termination "GMMickeyAdams won by resignation"]

1. Nf3 d5 2. g3 Bg4 3. Bg2 c6 4. c4 e6 5. cxd5 Bxf3 6. Bxf3 cxd5 7. O-O Nc6 8. d3 Nf6 9. Bg2 Be7 10. Qb3 Qd7 11. Nc3 O-O 12. Bf4 Nd4 13. Qd1 Rfc8 14. Be3 Nc6 15. Qa4 a6 16. Bd2 b5 17. Qd1 h6 18. Rc1 Rc7 19. a3 Rac8 20. Na2 a5 21. Nc3 Rb8 22. a4 bxa4 23. Nxa4 Bd6 24. Be3 Rb4 25.
Bc5 Rb5 26. d4 Nb4 27. Bxd6 Qxd6 28. Rxc7 Qxc7 29. Qd2 Rb8 30. Rc1 Qd7 31. Nc5 Qb5 32.
b3 Nc6 33. e3 Qb6 34. Qc3 Nb4 35. Nd7 Nxd7 0-1

[Event "Live Chess"]
[Site "Chess.com"]
[Date "2024.06.02"]
[Round "-"]
[White "IMcoach"]
[Black "JohanKjeldahl"]
[Result "1-0"]
[WhiteElo "2542"]
[BlackElo "1791"]
[TimeControl "300"]
[EndTime "6:18:00 PDT"]
[Termination "IMcoach won by resignation"]

1. e4 c5 2. Nc3 e6 3. g3 Nc6 4. Bg2 a6 5. d3 b5 6. Nh3 Bb7 7. f4 Nge7 8. O-O g6 9. f5 gxf5 10.
exf5 Nxf5 11. g4 Nfd4 12. Ne4 d5 13. Nf6+ Ke7 14. c3 Bg7 15. Bg5 h6 16. Nxd5+ Kd6 1-0

[Event "Live Chess"]
[Site "Chess.com"]
[Date "2024.06.02"]
[Round "-"]
[White "oscalik"]
[Black "Konovka_Ukraine"]
[Result "1-0"]
[WhiteElo "2240"]
[BlackElo "1768"]
[TimeControl "300"]
[EndTime "6:18:11 PDT"]
[Termination "oscalik won by resignation"]

1. e4 c6 2. Nc3 d5 3. Qf3 dxe4 4. Nxe4 Nd7 5. Qe3 e6 6. b3 Ngf6 7. Bb2 Nxe4 8. Qxe4 Nf6 9. Qh4 Be7 10. O-O-O Qa5 11. Kb1 Bd7 12. Nf3 O-O 13. Ne5 Rad8 14. Bd3 g6 15. Nxd7 Rxd7 16. Bxf6 Bxf6 17. Qxf6 Rfd8 18. h4 Rxd3 19. cxd3 Rxd3 20. Qb2 Qf5 21. Ka1 Qxf2 22. h5 1-0

[Event "Live Chess"]
[Site "Chess.com"]
[Date "2024.06.02"]
[Round "-"]
[White "LL220284LL"]
[Black "agamilewska"]
[Result "1-0"]
[WhiteElo "2490"]
[BlackElo "1780"]
[TimeControl "300"]
[EndTime "6:18:21 PDT"]
[Termination "LL220284LL won by resignation"]

1. g3 d5 2. Bg2 Nf6 3. Nf3 Nc6 4. O-O Bg4 5. b3 Bxf3 6. Bxf3 e6 7. Bb2 Bc5 8. d3 O-O 9. Nd2 h6 10. a3 a6 11. e4 dxe4 12. Nxe4 Nxe4 13. Bxe4 Bd4 14. Bxd4 Qxd4 15. Bxc6 bxc6 16. Re1 Qc3 17. Rc1 a5 18. a4 c5 19. Qg4 Rad8 20. Re4 Rd4 21. Qe2 Rfd8 22.
Re3 Qb2 23. Re1 Qc3 24. Kf1 c6 25. Qd1 c4 26. bxc4 Rxc4 27. dxc4 Qxc4+ 28. Qe2 1-0

[Event "Live Chess"]
[Site "Chess.com"]
[Date "2024.06.02"]
[Round "-"]
[White "RichardABates"]
[Black "gobbles19"]
[Result "1-0"]
[WhiteElo "2352"]
[BlackElo "2235"]
[TimeControl "300"]
[EndTime "6:18:25 PDT"]
[Termination "RichardABates won by resignation"]

1. d4 Nf6 2. Nf3 e6 3. c4 c5 4. d5 exd5 5. cxd5 d6 6. Nc3 g6 7. h3 Bg7 8. Bf4 O-O 9. e3 a6 10. a4 b6 11. Nd2 Re8 12. Be2 Bb7 13. Nc4 Bf8 14. O-O Ne4 15. Nxe4 Rxe4 16. Bd3 Rxf4 17.
exf4 Bxd5 18. Ne3 Bb7 19. Bc4 Nd7 20. Bd5 Bxd5 21. Nxd5 Nf6 22. Re1 Nxd5 23. Qxd5 Bg7 24. Re2 Rb8 25. Rae1 Qd7 26. Re7 1-0

[Event "Live Chess"]
[Site "Chess.com"]
[Date "2024.06.02"]
[Round "-"]
[White "Dashman93"]
[Black "GEMdzq"]
[Result "0-1"]
[WhiteElo "2120"]
[BlackElo "2300"]
[TimeControl "300"]
[EndTime "6:18:32 PDT"]
[Termination "GEMdzq won by resignation"]

1. d4 Nf6 2. Nf3 e6 3. g3 c5 4. Bg2 d5 5. O-O cxd4 6. Nxd4 Be7 7. c4 e5 8. Nc2 d4 9. e3 Nc6 10. exd4 Nxd4 11. Nxd4 exd4 12. Qb3 O-O 13. Bf4 Nh5 14. Bd2 Rb8 15. Na3 a6 16. Rac1 Be6 17. Rfe1 Bc5 18.
Nc2 b5 19. Qf3 Nf6 20. cxb5 Bd5 21. Qf5 Bxg2 22. Qxc5 Bh3 23. Qxd4 Rxb5 24. Qxd8 Rxd8 25. Bc3 Nd5 26. Rcd1 Rbb8 27. Ne3 Nxc3 28. Rxd8+ Rxd8 29. bxc3 Be6 30. a3 g6 31. Rc1 Rd2 32. Kf1 Ra2 33. c4 Rxa3 34. c5 Kf8 35. Ke2 Ke7 36. c6 Kd8 37. Nc4 Ra2+ 38. Ke3 Kc7 39. Ne5 Ra5 40. f4 Ra3+ 41. Kd4 f6 42. Nd3 Ra2 43. Re1 Bf5 44.
Re7+ Kd6 45. Re3 Rd2 46. c7 Kxc7 47. Re7+ Kd6 48. Re3 a5 49. Kc3 Rxd3+ 50. Rxd3+ Bxd3 51.
Kxd3 Kd5 52. Kc3 Ke4 0-1

[Event "Live Chess"]
[Site "Chess.com"]
[Date "2024.06.02"]
[Round "-"]
[White "nyclone"]
[Black "r0ad_t0-gm"]
[Result "0-1"]
[WhiteElo "1148"]
[BlackElo "2305"]
[TimeControl "300"]
[EndTime "6:18:38 PDT"]
[Termination "r0ad_t0-gm won by resignation"]

1. e4 Nf6 2. Nc3 d5 3. exd5 Nxd5 4. Nxd5 Qxd5 5. Nf3 Bg4 6. Be2 e5 7. b3 Nc6 8. Bb2 f6 9. c4 Qd7 10. O-O O-O-O 11.
d3 Bc5 12. Ne1 Bxe2 13. Qxe2 g5 14. a4 h5 15. Ba3 Bxa3 16. Rxa3 h4 17. Nc2 h3 18. g3 f5 19. b4 f4 20. b5 Nd4 21.
Nxd4 Qxd4 22. Qe4 fxg3 23. hxg3 Qd6 24. Rfa1 h2+ 25. Kh1 Rdf8 26. R3a2 Qc5 27. Qe3 Qxe3 28. fxe3 Rf3 29. Rxh2 Rxh2+ 30. Kxh2 Rxe3 31. Rd1 g4 32. Rd2 Kd7 33. Kg2 Kd6 34. Kf2 Rf3+ 35. Kg2 Kc5 36. Re2 Rxd3 37. Rxe5+ Kxc4 38. Re4+ Rd4 39. Rxd4+ Kxd4 40. Kf2 Kd3 41. a5 c5 42. bxc6 bxc6 43. Ke1 c5 44. Kd1 c4 45. Kc1 c3 46. Kb1 Kd2 47. Ka2 c2 48. Kb3 c1=Q 49. Kb4 0-1

[Event "Live Chess"]
[Site "Chess.com"]
[Date "2024.06.02"]
[Round "-"]
[White "FlyingChessKestrel13"]
[Black "14141409"]
[Result "0-1"]
[WhiteElo "2076"]
[BlackElo "2550"]
[TimeControl "300"]
[EndTime "6:18:45 PDT"]
[Termination "14141409 won by resignation"]

1. e4 e5 2. Nf3 Nc6 3. Bb5 Bc5 4.
O-O d6 5. c3 Bd7 6. d4 Bb6 7.
d5 Nce7 8. Bxd7+ Qxd7 9. Nbd2 Nf6 10. Re1 O-O 11. Nc4 Ne8 12. Nxb6 axb6 13. h3 f5 14. Nd2 f4 15. f3 Nf6 16. Nf1 g5 17. Qe2 h5 18. Nh2 Kf7 19. Bd2 Rg8 20. c4 g4 21.
hxg4 hxg4 22. fxg4 Nxg4 23. Nxg4 Rxg4 24. Rf1 Rag8 25.
Rf2 Ke8 26. a4 Rh4 27. Ra3 Rgh8 28. Rff3 Rh1+ 29. Kf2 Qg4 30. Rh3 Qg6 31. Rxh8+ Rxh8 32. Rh3 Rxh3 33. gxh3 Qg3+ 34. Kf1 Qxh3+ 35. Qg2 Qd3+ 36. Kg1 f3 37. Qh2 Qxe4 38. Qh8+ Kd7 39. Qh3+ Qf5 40. Qg3 Qd3 41. Qh3+ Qf5 42. Qg3 Ng6 43. Kf2 e4 44. Be3 Kc8 45. a5 bxa5 46. Qh2 b6 47. Qh7 Qg4 48.
Qh2 Ne5 49. Bf4 Nd3+ 50. Ke3 Nxf4 51. Qh8+ Kb7 52. Qe8 Ng2+ 53. Kd2 e3+ 54. Kc2 Qxc4+ 0-1

[Event "Live Chess"]
[Site "Chess.com"]
[Date "2024.06.02"]
[Round "-"]
[White "V1nas"]
[Black "KeithArkell"]
[Result "0-1"]
[WhiteElo "1315"]
[BlackElo "2426"]
[TimeControl "300"]
[EndTime "6:18:53 PDT"]
[Termination "KeithArkell won by resignation"]

1. d4 e6 2. Nf3 Nf6 3. c4 Bb4+ 4. Bd2 Bxd2+ 5. Nbxd2 d6 6. e4 Qe7 7. Bd3 e5 8. d5 Bg4 9. h3 Bxf3 10. Qxf3 a5 11.
a3 a4 12. b4 axb3 13. Nxb3 Nbd7 14. O-O b6 15. a4 O-O 16. g4 h6 17. a5 bxa5 18.
Rxa5 Rxa5 19. Nxa5 Nc5 20. Nc6 Qe8 21. Rb1 Qa8 22.
Bf1 Ncxe4 23. g5 hxg5 24. Bd3 Nd2 25. Ne7+ Kh8 26. Qf5 Qe8 27. Rd1 Qxe7 28. Rxd2 g6 29. Qxg5 Kg7 30. Re2 Nxd5 31. Qxe7 Nxe7 32. f4 f6 33. c5 Nd5 34. fxe5 dxe5 35. Bc4 Nf4 36. Rd2 Nxh3+ 37. Kh2 Nf4 38. Rd7+ Kh6 39. Rxc7 Ra8 40. c6 Ra5 41. Bg8 Kg5 42. Rb7 Rc5 43. c7 Rc2+ 44.
Kg3 e4 45. Rb2 Rxc7 46. Rb5+ f5 47. Kf2 Rc3 48. Rb6 Kg4 0-1